 Dungeon Crawl Stone Soup version 0.27-a0-1434-g6f15984924 (webtiles) character file.

Game seed: 10095759007139537741

1 Lanoc the Skirmisher (level 1, -3/19 HPs)
             Began as a Draconian Chaos Knight on July 3, 2021.
             Was a Plaything of Xom.
             Slain by a gnoll (8 damage)
             ... on level 1 of the Dungeon.
             The game lasted 00:00:11 (167 turns).

Lanoc the Skirmisher (Draconian Chaos Knight)        Turns: 167, Time: 00:00:11

Health: -3/19      AC:  4    Str: 14    XL:     1   Next: 16%
Magic:  1/1        EV: 12    Int: 12    God:    Xom [..*...]
Gold:   15         SH:  0    Dex: 10    Spells: 0/0 levels left

rFire    . . .     SeeInvis .   a - +0 mace (chaos)
rCold    . . .     Faith    .   (no shield)
rNeg     . . .     Spirit   .   (armour unavailable)
rPois    .         Reflect  .   (helmet restricted)
rElec    .         Harm     .   (no cloak)
rCorr    .         Rampage  .   (no gloves)
Will     .....                  (no boots)
Stlth    +.........             (no amulet)
HPRegen  0.06/turn              (no ring)
MPRegen  0.07/turn              (no ring)

@: no status effects
A: AC +4, unfitting armour, cold-blooded
a: Renounce Religion


You were on level 1 of the Dungeon.
You worshipped Xom.
You were a toy of Xom.
You visited 1 branch of the dungeon, and saw 1 of its levels.

You collected 15 gold pieces.

Inventory:

Hand Weapons
 a - a +0 mace of chaos (weapon)
Scrolls
 b - a scroll of blinking {unknown}
 c - a scroll of brand weapon {unknown}


   Skills:
 + Level 3.3 Fighting
 * Level 3.0 Maces & Flails
 + Level 2.1 Dodging


You couldn't memorise any spells.
You didn't know any spells.
Your spell library was empty.

Dungeon Overview and Level Annotations

Branches:
Dungeon (1/15)

Altars:


Innate Abilities, Weirdness & Mutations

Your plain brown scales are hard. (AC +4)
You cannot fit into any form of body armour.
You are cold-blooded and may be slowed by cold attacks.


Message History

Found a staircase leading out of the dungeon.
You open the door.
There is an open door here.
b - a scroll labelled WYOCZY YVEPLI
c - a scroll labelled CUCACW WYUD You open the door.
There is an open door here.
You open the door.
There is an open door here.
You open the door.
There is an open door here.
Found a stone staircase leading down.
You now have 15 gold pieces.
A kobold comes into view. It is wielding a +0 club.
Found 9 gold pieces.
You see here a scroll labelled YBUSTA YPNEKH.
A gnoll comes into view.
It is wielding a +2 flail of protection.
Found Ozocubu's Autobiography.
The kobold throws a stone.
The stone misses you.
The gnoll shouts!
You hit the kobold.
The kobold is moderately wounded.
The kobold barely misses you. x2
You sock the kobold! You freeze the kobold.
You kill the kobold!
The gnoll hits you but does no damage.
You hit the gnoll but do no damage.
The gnoll hits you with a +2 flail of protection!
You hit the gnoll.
You feel better.
The gnoll is moderately wounded.
The gnoll hits you with a +2 flail of protection.
You closely miss the gnoll.
The gnoll is moderately wounded.
The gnoll hits you with a +2 flail of protection.
* * * LOW HITPOINT WARNING * * *
The gnoll hits you but does no damage.
You hit the gnoll. You burn the gnoll.
The gnoll is severely wounded.
The gnoll hits you with a +2 flail of protection!
You die...

###. ## #.... ...
##.#.## #.. .....##
##..##..... .#
..........###..#.
........#........
#....).@g......
#.##..#.#...:#.
#.##...........
#.##..#.##.#.#. ###
#.##..#.##.....
#.###.##.?.........
###.........#>...$..
#..................
#.#.##..###.#.##.#.


You could see a gnoll.

Vanquished Creatures
  A kobold (D:1)
1 creature vanquished.

Notes
Turn   | Place    | Note
-------+----------+-------------------------------------------
     0 | D:1      | Lanoc the Draconian Chaos Knight began the quest for the
                  | Orb.
     0 | D:1      | Reached XP level 1. HP: 19/19 MP: 1/1
   167 | D:1      | Slain by a gnoll

Illustrated notes

Levels and vault maps discovered:
D:1:      lightli_arrival_flooded_house, layout_basic,
          ebering_ecumenical_altar_box, kennysheep_pointless_box,
          serial_bayou_pond_b

Action                   || total
-------------------------++-------
Melee: Mace              ||     6
Armor: Skin              ||     2
Dodge: Dodged            ||     3

Table legend: (Time is in decaauts)
 A = Elapsed time spent in this place.
 B = Non-inter-level travel time spent in this place.
 C = Inter-level travel time spent in this place.
 D = Time resting spent in this place.
 E = Time spent auto-exploring this place.
 F = Levels seen in this place.
 G = Mean time per level.
                   A        B        C        D        E       F      G
               +--------+--------+--------+--------+--------+-----+--------+
         Total |    168 |    168 |      0 |      0 |    153 |   1 |  168.0 |
       Dungeon |    168 |    168 |      0 |      0 |    153 |   1 |  168.0 |
               +--------+--------+--------+--------+--------+-----+--------+

Top non-repeatable levels by time:
     D:1: 168 daAuts
